 Dungeon Crawl Stone Soup version 0.18.1-6-gd335043 (webtiles) character file.

2230 Moloch the Cleaver (level 9, -6/63 HPs)
             Began as a Demonspawn Fighter on May 17, 2016.
             Was a Believer of Okawaru.
             Mangled by an orc warrior
             ... wielding a +1 short sword of flaming
              (7 damage)
             ... on level 7 of the Dungeon.
             The game lasted 00:10:53 (7044 turns).

Moloch the Cleaver (Demonspawn Fighter)             Turns: 7044, Time: 00:10:55

Health: -6/63      AC: 15    Str: 20    XL:     9   Next: 14%
Magic:  9/9        EV:  9    Int: 10    God:    Okawaru [**....]
Gold:   167        SH:  0    Dex: 17    Spells: 0 memorised, 8 levels left

rFire  . . .     SeeInvis .     C - +2 battleaxe (elec)
rCold  + . .     Gourm    .     s - +0 plate armour
rNeg   . . .     Faith    .     (shield currently unavailable)
rPois  +         Spirit   .     (no helmet)
rElec  .         Dismiss  .     y - +0 cloak
rCorr  .         Reflect  .     (gloves unavailable)
SustAt .         Harm     .     (no boots)
MR     .....                    (no amulet)
Stlth  ..........               r - ring of protection from cold
                                m - ring of poison resistance

@: agile, not resistant to hostile enchantments, extremely unstealthy
A: claws 3, molten scales 2, nightstalker 1, powered by pain 2
a: Heroism, Renounce Religion


You were on level 7 of the Dungeon.
You worshipped Okawaru.
Okawaru was pleased with you.
You were not hungry.

You visited 2 branches of the dungeon, and saw 9 of its levels.

You collected 477 gold pieces.
You spent 310 gold pieces at shops.

Inventory:

Hand Weapons
 C - a +2 battleaxe of electrocution (weapon)
Missiles
 F - 3 javelins (quivered)
 N - 3 javelins of penetration
Armour
 s - a +0 plate armour (worn)
 y - a +0 cloak (worn)
Jewellery
 m - a ring of poison resistance (left claw)
 r - a ring of protection from cold (right claw)
Wands
 H - a wand of acid (7/15)
 J - a wand of flame (19/48)
Scrolls
 b - 4 scrolls of remove curse
 c - a scroll of immolation {unknown}
 e - 3 scrolls of teleportation {unknown}
 g - a scroll of blinking {unknown}
 h - 2 scrolls of fear {unknown}
 l - a scroll of recharging {unknown}
 n - 2 scrolls of noise {unknown}
 w - 5 scrolls of magic mapping {unknown}
 E - 2 scrolls of fog {unknown}
Potions
 a - 2 potions of curing {unknown}
 d - 3 potions of might
 i - a potion of flight {unknown}
 q - 2 potions of haste
 t - a potion of invisibility
 u - 2 potions of lignification
 v - a potion of ambrosia
 x - a potion of mutation
 z - a potion of cure mutation
 A - 2 potions of degeneration {unknown}
 B - a potion of agility {unknown}
 D - 6 potions of magic
 G - a potion of brilliance {unknown}
 M - a potion of resistance {unknown}
Books
 j - a book of the Warp

   Spells                             Type                      Level
   a - Recall                         Summoning/Translocation      3
   b - Gell's Gravitas                Hexes/Translocation          3
   c - Force Lance                    Conjuration/Translocation    4
   d - Warp Weapon                    Charms/Translocation         5
   e - Summon Forest                  Summoning/Translocation      5
Comestibles
 f - 5 bread rations
 k - 5 meat rations
 p - 3 royal jellies
 O - 4 chunks of flesh


   Skills:
 - Level 3.0 Fighting
 + Level 11.1 Axes
 - Level 2.6 Armour
   Level 2.6 Shields


You had 8 spell levels left.
You didn't know any spells.

Dungeon Overview and Level Annotations

Branches:
Dungeon (8/15)             Temple (1/1) D:5            Lair (0/8) D:8

Altars:
Ashenzari
Cheibriados
Elyvilon
Fedhas
Kikubaaqudgha
Makhleb
Nemelex Xobeh
Okawaru
Pakellas
Qazlal
Sif Muna
Trog
Vehumet
Yredelemnul
Zin

Shops:
D:4 (   D:5 (   D:7 (


Innate Abilities, Weirdness & Mutations

You have claws for hands.
You are mostly covered in molten scales (AC +3, EV -1).
You are slightly more attuned to the shadows.
You sometimes gain power by taking damage.


Message History

The orc priest invokes the aid of Beogh against you.
Beogh smites you!
* * * LOW HITPOINT WARNING * * *
You climb upwards.
There is a stone staircase leading down here.
Unknown command.
Unknown command.
Evoke which item? (* to show all) (? for menu, Esc to quit)
Okay, then.
You barely miss the orc warrior.
The orc warrior hits you but does no damage.
Unknown command.
You slash the orc warrior!
The orc warrior is moderately wounded.
The orc warrior hits you with a short sword of flaming!
* * * LOW HITPOINT WARNING * * *
You focus on the pain.
You feel more agile all of a sudden. The orc warrior burns you!
You die...

.............###...#
..........##..##...#
..........###......#
.........## ####...#
.........# #...#
#..#.###.# #...#
#.##..##.#######...#
#.###.....#...##o.## ..#
#..........#@####### .##
#............##....#
.####............##....#
....#..................#
##.............#.......#
...[...................#
.........#...........###
.......#.<...........#
#............(.......#


You could see an orc warrior.

Vanquished Creatures
  Grinder (D:5)
  2 orc warriors (D:6)
  2 ice beasts (D:7)
  4 ogres
  A centaur (D:6)
  2 phantoms
  A giant frog (D:7)
  A scorpion (D:6)
  5 howler monkeys
  A crimson imp (D:6)
  A centaur zombie (D:6)
  Crazy Yiuf (D:5)
  3 orc wizards
  A giant frog skeleton (D:5)
  A hound (D:6)
  2 orc priests (D:7)
  2 jellies
  An iguana (D:7)
  4 worker ants
  A hound zombie (D:6)
  3 hound skeletons
  A worker ant zombie (D:7)
  7 gnolls
  5 adders
  An ooze (D:1)
  2 adder skeletons
  A dart slug (D:1)
  A giant gecko (D:5)
  11 orcs
  9 bats
  7 giant cockroaches
  2 hobgoblins
  9 jackals
  3 quokkas
  5 ball pythons
  A giant cockroach zombie (D:5)
  5 giant newts
  11 goblins
  A jackal skeleton (D:7)
  12 kobolds
  10 rats
144 creatures vanquished.

Notes
Turn   | Place    | Note
--------------------------------------------------------------
     0 | D:1      | Moloch the Demonspawn Fighter began the quest for the Orb.
     0 | D:1      | Reached XP level 1. HP: 18/18 MP: 1/1
    11 | D:1      | Reached skill level 2 in Axes
   270 | D:1      | Gained mutation: You have sharp fingernails. [demonic ancestry]
   270 | D:1      | Reached XP level 2. HP: 12/24 MP: 2/2
   795 | D:1      | Reached skill level 3 in Axes
   841 | D:1      | Gained mutation: You are partially covered in molten scales (AC +1). [demonic ancestry]
   841 | D:1      | Reached XP level 3. HP: 17/29 MP: 3/3
  1577 | D:3      | Gained mutation: You sometimes gain a little power by taking damage. [demonic ancestry]
  1577 | D:3      | Reached XP level 4. HP: 32/35 MP: 4/4
  1682 | D:3      | Reached skill level 4 in Axes
  2013 | D:3      | Found a faded altar to an unknown god.
  2421 | D:4      | Noticed an ogre
  2429 | D:4      | Killed an ogre
  2429 | D:4      | Reached skill level 5 in Axes
  2429 | D:4      | Gained mutation: You are mostly covered in molten scales (AC +3, EV -1). [demonic ancestry]
  2429 | D:4      | Reached XP level 5. HP: 9/41 MP: 5/5
  2784 | D:4      | Found Utint's Weapon Shoppe.
  3187 | D:4      | Noticed an ogre
  3191 | D:4      | Killed an ogre
  3191 | D:4      | Gained mutation: You have very sharp fingernails. [demonic ancestry]
  3191 | D:4      | Reached XP level 6. HP: 47/47 MP: 6/6
  3300 | D:5      | Entered Level 5 of the Dungeon
  3310 | D:5      | Noticed Grinder
  3376 | D:5      | Reached skill level 6 in Axes
  3526 | D:5      | Noticed Crazy Yiuf
  3540 | D:5      | Killed Crazy Yiuf
  3730 | D:5      | Paralysed by Grinder for 6 turns
  3740 | D:5      | Killed Grinder
  3740 | D:5      | Reached skill level 7 in Axes
  3740 | D:5      | Gained mutation: You have claws for hands. [demonic ancestry]
  3740 | D:5      | Reached XP level 7. HP: 25/52 MP: 7/7
  3878 | D:5      | Found Micwelef's Antique Weapon Emporium.
  3983 | D:4      | Bought a +2 battleaxe of electrocution for 310 gold pieces
  4025 | D:5      | Found a staircase to the Ecumenical Temple.
  4095 | Temple   | Entered the Ecumenical Temple
  4139 | Temple   | Became a worshipper of Warmaster Okawaru
  4385 | D:5      | Reached skill level 8 in Axes
  4891 | D:6      | Reached * piety under Okawaru
  4891 | D:6      | Gained mutation: You are slightly more attuned to the shadows. [demonic ancestry]
  4891 | D:6      | Reached XP level 8. HP: 58/58 MP: 8/8
  4929 | D:6      | Found a blossoming altar of Fedhas.
  5119 | D:6      | Reached skill level 9 in Axes
  5923 | D:6      | Found a deep blue altar of Sif Muna.
  6382 | D:7      | Reached skill level 10 in Axes
  6478 | D:7      | Reached ** piety under Okawaru
  6500 | D:6      | Gained mutation: You sometimes gain power by taking damage. [demonic ancestry]
  6500 | D:6      | Reached XP level 9. HP: 24/63 MP: 9/9
  6698 | D:7      | Reached skill level 11 in Axes
  6716 | D:7      | Found Yli Mul's Antique Weapon Boutique.
  6864 | D:7      | Found a radiant altar of Vehumet.
  7034 | D:8      | Found a staircase to the Lair.
  7044 | D:7      | HP: 1/63 [orc warrior/short sword of flaming (13)]
  7044 | D:7      | Mangled by an orc warrior

Skill      XL: |  1  2  3  4  5  6  7  8  9 |
---------------+----------------------------+-----
Axes           | 2 3 5 7 8 10 11 | 11.1
Fighting       | |  3.0
Armour         | |  2.6
Shields        | |  2.6

Action                   |  1- 3 |  4- 6 |  7- 9 || total
-------------------------+-------+-------+-------++-------
Melee: War axe           |   154 |   151 |    11 ||   316
       Battleaxe         |       |       |   141 ||   141
Evoke: Wand              |       |     3 |       ||     3
  Use: Scroll            |     1 |       |     8 ||     9
  Eat: Chunk             |     2 |     4 |     7 ||    13
       Fruit             |       |     2 |     2 ||     4
       Pizza             |       |       |     1 ||     1
       Royal jelly       |       |       |     1 ||     1
Armor: Scale mail        |    87 |       |       ||    87
       Plate armour      |    12 |   110 |   217 ||   339
Dodge: Dodged            |    56 |    10 |    50 ||   116
Block: Shield            |    99 |    61 |     4 ||   164
